 Dungeon Crawl Stone Soup version 0.20-a0-1122-gb7cbeb9 (webtiles) character file.

226 mopl the Chopper (level 5, -9/41 HPs)
             Began as a Demonspawn Monk on May 12, 2017.
             Killed by divine providence
             ... invoked by an orc priest
              (10 damage)
             ... on level 4 of the Dungeon.
             The game lasted 00:04:07 (3168 turns).

mopl the Chopper (Demonspawn Monk)                  Turns: 3168, Time: 00:04:08

Health: -9/41      AC:  9    Str: 12    XL:     5   Next: 69%
Magic:  5/5        EV: 11    Int: 11    God:
Gold:   241        SH:  0    Dex: 16    Spells: 4/4 levels left

rFire    . . .     SeeInvis .   b - +0 war axe
rCold    . . .     Gourm    .   (no shield)
rNeg     . . .     Faith    .   q - +0 ring mail
rPois    .         Spirit   .   t - +1 helmet
rElec    .         Reflect  .   (no cloak)
rCorr    .         Harm     .   (no gloves)
MR       .....                  (no boots)
Stlth    +.........             (no amulet)
Regen    0.2/turn               (no ring)
MPRegen  0.1/turn               (no ring)

@: no status effects
A: molten scales 1, powered by death 1
a: no special abilities


You were on level 4 of the Dungeon.
You were hungry.

You visited 1 branch of the dungeon, and saw 4 of its levels.

You collected 241 gold pieces.

Inventory:

Hand Weapons
 b - a +0 war axe (weapon)
Armour
 q - a +0 ring mail (worn)
 t - a +1 helmet (worn)
Wands
 i - a wand of paralysis (8/24)
 v - a wand of lightning (6/15)
Scrolls
 a - 4 scrolls of identify {unknown}
 d - 3 scrolls of remove curse {unknown}
 m - 2 scrolls of teleportation {unknown}
 n - a scroll of enchant weapon {unknown}
 o - 2 scrolls of enchant armour {unknown}
 s - a scroll of immolation {unknown}
 u - a scroll of random uselessness {unknown}
Potions
 e - a potion of haste {unknown}
 f - 2 potions of magic {unknown}
 h - a potion of agility {unknown}
 j - a potion of cancellation {unknown}
 k - a potion of mutation {unknown}
 l - 2 potions of invisibility {unknown}
Comestibles
 c - 5 bread rations
 g - 2 meat rations
 r - a royal jelly


   Skills:
 - Level 3.0 Fighting
 + Level 5.9 Axes
 - Level 2.6 Dodging
 - Level 1.7 Stealth


You had 4 spell levels left.
You didn't know any spells.

Dungeon Overview and Level Annotations

Branches:
Dungeon (4/15)
 Temple: D:4-7

Altars:


Innate Abilities, Weirdness & Mutations

You are partially covered in molten scales. (AC +2)
You regenerate a little health from kills.


Message History

The orc priest hits you but does no damage.
You hit the orc priest but do no damage.
The orc priest is almost dead.
The orc priest closely misses you.
You barely miss the orc priest.
The orc priest is almost dead.
The orc priest closely misses you.
Your ring mail prevents you from hitting the orc priest.
The orc priest is almost dead.
You are feeling hungry.
The orc priest misses you.
You hit the orc priest but do no damage.
The orc priest is almost dead.
The orc priest hits you with a war axe.
* * * LOW HITPOINT WARNING * * *
You barely miss the orc priest.
The orc priest is almost dead.
The orc priest mumbles some strange prayers to Beogh against you.
Beogh smites you!
You die...

#.ooo...#
#..o....#
#o#######
#.oo....#
#.#####o#
### #.#
#.#
######.#
#<.@ooo#
########


You could see an orc priest and 2 orcs.

Vanquished Creatures
  2 orc priests
  Natasha (D:4)
  Robin (D:3)
  4 adders (D:2)
  2 worms (D:3)
  2 dart slugs
  3 leopard geckos
  7 orcs (D:3)
  7 bats
  3 giant cockroaches
  11 goblins
  10 hobgoblins
  2 jackals (D:2)
  10 kobolds
  A ball python (D:3)
  4 frilled lizards
  8 rats
78 creatures vanquished.

Notes
Turn   | Place    | Note
-------+----------+-------------------------------------------
     0 | D:1      | mopl the Demonspawn Monk began the quest for the Orb.
     0 | D:1      | Reached XP level 1. HP: 18/18 MP: 1/1
   324 | D:1      | Reached skill level 3 in Axes
   482 | D:1      | Gained mutation: You regenerate a little health from kills. [demonic ancestry]
   482 | D:1      | Reached XP level 2. HP: 21/24 MP: 2/2
   846 | D:2      | Reached XP level 3. HP: 23/29 MP: 3/3
  1069 | D:2      | Reached skill level 4 in Axes
  1627 | D:2      | Reached XP level 4. HP: 21/35 MP: 4/4
  2501 | D:3      | Noticed Robin
  2508 | D:3      | Reached skill level 5 in Axes
  2514 | D:3      | Gained mutation: You are partially covered in molten scales. (AC +2) [demonic ancestry]
  2514 | D:3      | Reached XP level 5. HP: 28/41 MP: 5/5
  2530 | D:3      | Killed Robin
  2881 | D:4      | Noticed Natasha
  2887 | D:4      | Killed Natasha
  3167 | D:4      | HP: 1/41 [orc priest/war axe (4)]
  3168 | D:4      | Killed from afar by an orc priest

Vault maps used:
D:1:      dpeg_arrival_fog
D:2:      first_bread, fountainhead
D:3:      minmay_misc_feat_ornament, uniq_robin
D:4:      uniq_edmund, uniq_natasha, uniq_blork_the_orc

Skill      XL: |  1  2  3  4 |
---------------+-------------+-----
Axes           | 3 4 5 |  5.9
Fighting       | |  3.0
Dodging        | |  2.6
Stealth        | |  1.7

Action                   |  1- 3 |  4- 6 || total
-------------------------+-------+-------++-------
Melee: Hand axe          |   135 |    91 ||   226
       War axe           |       |    41 ||    41
 Stab: Sleeping          |     3 |     1 ||     4
  Eat: Chunk             |     2 |     5 ||     7
Armor: Robe              |    39 |    19 ||    58
       Ring mail         |       |    19 ||    19
Dodge: Dodged            |    81 |    92 ||   173
